AoeStats
← niniofungi

Arabia

509811241Analyzed
1v1 RM · 5d ago on Sep 28, 2026· 33m 52s· 2 players
Game mode
Random Map
Map size
Tiny (2 player)
Population
200
Speed
Normal
Resources
Standard
Victory
Conquest
Starting age
Dark Age
Ending age
Imperial Age
RankedLock teamsTeams togetherTeam positionsShared explorationLock speedFull tech treeHidden civsTurbo modeCheats
Victory
Defeat
🇸🇻 Saxons · El Salvador
452
+13
🇦🇷 Persians · Argentina
385
-13
niniofungi
12:31 Feudal Age
11:31 Loom
12:49 Man-at-Arms
15:44 Double-Bit Axe
24:17 Castle Age
29:13 Bow Saw
Baki
2:13 Loom
10:13 Feudal Age
10:56 Double-Bit Axe
10:55 Horse Collar
17:11 Forging
17:07 Scale Barding Armor
18:03 Scale Mail Armor
18:47 Bloodlines
22:17 Castle Age
22:37 Gold Mining
22:38 Stone Mining
23:25 Bow Saw
23:40 Fletching
23:51 Padded Archer Armor
25:12 Gold Shaft Mining
26:46 Wheelbarrow
26:35 Heavy Plow
26:41 Arson
29:42 Bodkin Arrow
30:23 Iron Casting
30:05 Leather Archer Armor
30:07 Chain Mail Armor
Connection lost

Rejoining the realm…

Still unreachable

The connection could not be restored.

Session expired

The server has moved on; the page needs a fresh start.